 Dungeon Crawl Stone Soup version 0.23-a0-671-g42e8185 (webtiles) character file.

17 zishaf the Charlatan (level 2, 0/17 HPs)
             Began as a Kobold Artificer on Jan 9, 2019.
             Succumbed to a kobold's poison
             ... on level 1 of the Dungeon.
             The game lasted 00:01:53 (539 turns).

zishaf the Charlatan (Kobold Artificer)              Turns: 539, Time: 00:01:53

Health: 0/17       AC:  3    Str:  9    XL:     2   Next: 80%
Magic:  4/4        EV: 15    Int: 12    God:
Gold:   20         SH:  0    Dex: 15    Spells: 1/1 levels left

rFire    . . .     SeeInvis .   a - +1 dagger (venom)
rCold    . . .     Gourm    .   (shield restricted)
rNeg     . . .     Faith    .   b - +0 leather armour
rPois    .         Spirit   .   (no helmet)
rElec    .         Reflect  .   (no cloak)
rCorr    .         Harm     .   (no gloves)
MR       +....                  (no boots)
Stlth    ++........             (no amulet)
HPRegen  0.05/turn              (no ring)
MPRegen  0.09/turn              (no ring)

@: lethally poisoned (0 -> -6), very slightly contaminated, invisible
A: small, carnivore, magic resistance 1, robust 1, sturdy frame 1
a: no special abilities


You were on level 1 of the Dungeon.
You were full.

You visited 1 branch of the dungeon, and saw 1 of its levels.

You collected 20 gold pieces.

Inventory:

Hand Weapons
 a - a +1 dagger of venom (weapon)
Missiles
 h - 22 sling bullets
 i - 37 stones (quivered)
 l - 24 bolts
Armour
 b - a +0 leather armour (worn)
Wands
 c - a wand of flame (13)
 d - a wand of enslavement (15)
 e - a wand of random effects (15)
Scrolls
 j - a scroll of identify {unknown}
Comestibles
 f - a ration


   Skills:
 + Level 1.5 Fighting
 + Level 1.9 Short Blades
 + Level 2.7 Dodging
 + Level 2.0 Stealth
 + Level 3.8 Evocations


You had one spell level left.
You didn't know any spells.
Your spell library was empty.

Dungeon Overview and Level Annotations

Branches:
Dungeon (1/15)

Altars:


Innate Abilities, Weirdness & Mutations

You are small and have problems with some larger weapons.
You are carnivorous and can eat meat at any time.
You are resistant to hostile enchantments. (MR+)
You are robust. (+10% HP)
Your movements are slightly less encumbered by armour. (ER -2)


Message History

* * * LOW HITPOINT WARNING * * *
You feel sick.
It was a potion of invisibility.
You fade into invisibility!
You are very lightly contaminated with residual magic.
It was a potion of mutation.
You feel extremely strange.
You feel less encumbered by your armour.
You feel resistant to hostile enchantments.
You feel robust.
* * * LOW HITPOINT WARNING * * *
You feel sick.
There is a lethal amount of poison in your body!
* * * LOW HITPOINT WARNING * * *
You feel sick.
* * * LOW HITPOINT WARNING * * *
You feel sick.
* * * LOW HITPOINT WARNING * * *
You feel sick.
There is an open door here.
You die...

.............#.........
..........####.........
..........+ .#.......
#...#....# #....... ..#
#....# #####..#### .
#....###...#..#... ...
#......#...#..#...
##...###'###.#...#..'.<.
.......@..##.#...#..#...
..........##.#...####...
..........##.##'######+#
..##......##..).##..##..
. #......##....).......
#......##....##..##..
.#####......##'######+#
............#...####...
............#...#..#...


There were no monsters in sight!

Vanquished Creatures
  A gnoll (D:1)
  A giant cockroach (D:1)
  A hobgoblin (D:1)
  A bat (D:1)
  A frilled lizard (D:1)
  3 kobolds (D:1)
8 creatures vanquished.

Notes
Turn   | Place    | Note
-------+----------+-------------------------------------------
     0 | D:1      | zishaf the Kobold Artificer began the quest for the Orb.
     0 | D:1      | Reached XP level 1. HP: 12/12 MP: 3/3
   125 | D:1      | Reached XP level 2. HP: 6/16 MP: 4/4
   529 | D:1      | Gained mutation: Your movements are slightly less
                  | encumbered by armour. (ER -2) [potion of mutation]
   529 | D:1      | Gained mutation: You are resistant to hostile enchantments.
                  | (MR+) [potion of mutation]
   529 | D:1      | Gained mutation: You are robust. (+10% HP) [potion of
                  | mutation]
   539 | D:1      | Succumbed to a kobold's poison

Vault maps used:
D:1:      dpeg_arrival_houses_and_road

Skill      XL: |  1 |
---------------+----+-----
Stealth        | 2 |  2.0
Fighting       | |  1.5
Short Blades   | |  1.9
Dodging        | |  2.7
Evocations     | |  3.8

Action                   || total
-------------------------++-------
Melee: Short sword       ||    41
Evoke: Wand              ||     2
  Use: Potion            ||     2
 Stab: Sleeping          ||     1
  Eat: Chunk             ||     3
Armor: Leather armour    ||     9
Dodge: Dodged            ||    28

Table legend:
 A = Non-vault XP
 B = Vault XP
 C = Vault XP percentage of total XP
 D = Non-vault monster count
 E = Vault monster count
 F = Vault count percentage of total count
                 A         B        C        D         E       F
            +---------+---------+-------+---------+---------+-------
      Total |      25 |       0 |   0.0 |       8 |       0 |   0.0
            +---------+---------+-------+---------+---------+-------
        D:1 |      25 |       0 |   0.0 |       8 |       0 |   0.0
            +---------+---------+-------+---------+---------+-------
